Map: Catalisador LE

Players

IagoAbreu - Winner!

  • Race: Zerg Zerg
  • League: Gold
  • Spawn Location: 5:00

Tarcman

  • Race: Terran Terran
  • League: Silver
  • Spawn Location: 11:00

VOD

Have the link to the VOD?

Description

Time

  • Played on: April 1, 2018, 1:31 p.m.
  • Length: 16:31
Show
View Real Time Build Order
Export as new Build Order

IagoAbreu Zerg - Winner!

Build Orders: Pool First 

Get SALT Encoding   

  12  0:03  Drone  
  13  0:09  Drone  
  14  0:17  Overlord  
  14  0:35  Spawning Pool  
  13  0:38  Drone  
  14  0:45  Drone  
  14  0:46  Drone  
  16  0:54  Drone  
  17  0:58  Extractor  
  17  1:00  Drone  
  17  1:13  Drone  
  18  1:21  Queen  
  20  1:36  Hatchery  
  20  1:37  Zergling x2  
  20  1:41  Zergling x2  
  20  1:45  Zergling x2  
  22  1:56  Overlord  
  22  2:13  Roach Warren  
  21  2:21  Drone x2  
  23  2:25  Extractor  
  23  2:26  Drone  
  23  2:29  Queen  
  25  2:38  Metabolic Boost  
  25  2:43  Drone  
  26  2:52  Drone  
  27  2:59  Drone x3  
  27  3:05  Roach  
  31  3:37  Drone x3  
  31  3:40  Roach  
  36  3:44  Overlord x3  
  36  3:45  Overlord  
  36  3:56  Lair  
  36  3:59  Burrow  
  34  4:32  Roach x5  
  34  4:33  Roach x4  
  34  4:36  Zergling x2  
  53  4:40  Zergling x2  
  53  4:45  Zergling x4  
  56  4:46  Zergling x2  
  56  4:49  Drone  
  58  4:53  Drone  
  58  4:56  Drone  
  60  5:10  Drone x2  
  60  5:11  Drone x2  
  64  5:28  Hydralisk Den  
  63  5:42  Evolution Chamber  
  63  5:45  Drone x3  
  63  5:48  Roach, Hatchery  
  63  5:49  Roach  
  68  5:50  Overlord x2  
  68  6:10  Overseer  
  68  6:15  Pneumatized Carapace  
  68  6:41  Hydralisk x5  
  68  6:42  Hydralisk x3  
  65  7:37  Nydus Network  
  64  8:02  Queen  
  66  8:06  Drone x3  
  66  8:10  Extractor  
  66  8:11  Extractor  
  66  8:12  Hydralisk x3  
  67  8:13  Hydralisk x5  
  83  8:24  Drone  
  83  8:25  Zergling x8, Hydralisk  
  90  8:27  Overlord x2  
  90  8:35  Overlord x4  
  90  8:46  Drone x2  
  92  8:53  Drone x2  
  94  8:58  Zergling x4  
  96  9:03  Roach x4  
  96  9:08  Zerg Missile Weapons Level 1  
  104  9:10  Hydralisk x3  
  104  9:16  Drone x3  
  113  9:18  Overseer  
  113  9:39  Nydus Canal  
  113  9:44  Zergling x8  
  113  9:45  Roach x5, Hydralisk x2  
  128  10:25  Hydralisk x5  
  133  10:51  Overlord x5  
  133  10:52  Overlord x2  
  106  11:32  Hatchery  
  84  11:58  Zergling x4  
  84  11:59  Overlord  
  84  12:00  Overlord x5  
  86  12:28  Spawning Pool  
  85  13:13  Drone  
  85  13:14  Drone x2  
  85  13:18  Drone x3, Hydralisk x21  
  91  13:23  Roach x13  
  91  13:30  Drone x2  
  91  13:38  Baneling Nest  
  21  14:12  Zergling x10  
  26  14:32  Hydralisk  
  26  14:33  Hydralisk x2  
  26  14:37  Roach  
  26  14:46  Zergling x10  
  26  14:49  Baneling x7  
  26  14:50  Baneling x7  
  31  15:08  Zergling x2  
  22  15:25  Zergling x8  
  26  15:29  Hydralisk x3  
Show
View Real Time Build Order
Export as new Build Order

Tarcman Terran 

Build Orders: MMM Bio 

Get SALT Encoding   

  12  0:01  SCV  
  13  0:14  SCV  
  14  0:26  SCV  
  15  0:30  Supply Depot  
  15  0:47  Supply Depot  
  15  0:52  SCV  
  16  0:59  Barracks  
  16  1:04  SCV  
  17  1:11  Refinery  
  17  1:16  SCV  
  18  1:28  SCV  
  19  1:40  SCV  
  20  1:49  Command Center  
  20  1:51  Marine  
  20  1:52  SCV  
  23  2:08  Orbital Command  
  23  2:09  Marine  
  23  2:22  Refinery  
  23  2:27  Marine  
  24  2:42  SCV  
  25  2:45  Marine  
  26  2:54  SCV  
  27  3:00  Engineering Bay  
  27  3:02  Marine  
  28  3:06  SCV  
  28  3:10  Supply Depot  
  29  3:15  Orbital Command  
  29  3:25  SCV  
  30  3:27  Factory  
  30  3:28  Terran Infantry Weapons Level 1  
  30  3:30  Marine  
  30  3:34  Supply Depot  
  31  3:43  Orbital Command  
  31  3:44  Barracks  
  31  3:48  Marine  
  32  4:00  SCV  
  33  4:06  Marine  
  35  4:10  SCV  
  35  4:13  SCV  
  36  4:18  Factory Tech Lab  
  36  4:22  SCV  
  36  4:24  Marine  
  38  4:34  SCV  
  39  4:40  Siege Tank  
  39  4:41  Marine, Barracks Reactor  
  43  4:46  SCV  
  43  4:48  Barracks  
  44  4:58  SCV  
  46  5:02  Refinery  
  45  5:10  SCV  
  45  5:13  Siege Tank  
  49  5:15  Barracks Tech Lab  
  49  5:21  Starport  
  49  5:22  SCV  
  49  5:25  Refinery  
  50  5:28  Terran Infantry Armor Level 1  
  50  5:30  Supply Depot  
  50  5:34  Marine x2, Marauder  
  54  5:38  Combat Shields  
  54  5:51  SCV, Marine  
  54  5:52  Marine  
  54  5:53  Supply Depot  
  54  5:56  Marauder  
  59  6:03  SCV  
  60  6:09  Marine x2  
  62  6:13  Barracks Reactor  
  62  6:15  SCV  
  62  6:16  Supply Depot  
  62  6:17  Marauder  
  65  6:21  Starport Tech Lab  
  65  6:27  Marine x2  
  65  6:28  SCV  
  68  6:32  Armory  
  68  6:38  Marauder  
  70  6:40  SCV  
  70  6:45  Marine x2  
  70  6:46  Siege Tank  
  72  6:58  Stimpack  
  72  7:00  Marauder  
  74  7:03  Marine x2  
  71  7:20  Marine  
  71  7:21  Marine, Marauder  
  74  7:31  Missile Turret  
  74  7:37  Missile Turret  
  74  7:40  Cloaking Field  
  74  7:43  Marauder  
  76  7:47  Marine x2  
  78  7:53  Marine x2, Missile Turret  
  80  7:59  Missile Turret  
  80  8:04  Marauder  
  80  8:05  Marine x2  
  82  8:09  Medivac  
  86  8:19  Marine x2, Missile Turret  
  88  8:23  Marine x2  
  88  8:25  Marauder  
  92  8:31  Supply Depot  
  92  8:37  Marine x2  
  92  8:39  Missile Turret  
  94  8:52  Marine x2, Medivac  
  94  8:53  Marauder  
  94  8:54  Marine x2  
  94  8:55  Supply Depot  
  102  9:03  Missile Turret  
  102  9:16  Marauder  
  104  9:17  Supply Depot  
  104  9:19  Marine  
  104  9:20  Marine x3  
  104  9:22  Medivac  
  110  9:28  Command Center  
  110  9:37  Marine x2  
  110  9:38  Marine x2, Marauder  
  116  9:40  Supply Depot  
  116  9:42  Thor  
  122  9:55  Marine x3  
  122  9:56  Marine  
  122  9:59  Marauder  
  109  10:19  Marine x2  
  109  10:20  Marine x2  
Tags
 
Composition
MMM Bio
Matchup
TvZ
Opening
Pool First
Spawn Locations
Cross Positions
Add a new tag
Caveats
  • Supply blocks, unpowered buildings, or Contaminate may cause inaccurate times.
  • Supply counts are checked every 10 seconds.